cohdb
Replays
Latest Replays
All Replays
Popular Replays
Top Player Replays
Match Explorer
How It Works
Community
CoH3 Stats
Reddit
Sign in to upload your games and track your stats! →
Sign in with Steam
Match 37969052
Unlisted
Match 37969052
Overview
Messages
Build Orders
End
Panzerpioneer Squad
Selects Italian Infantry
250 Light Carrier
Panzergrenadier Squad
Construct Light Support Kompanie
Fire Support Elements
Selects Defensive Operations
2.5-tonne Medical Truck
Selects Guastatori Squad
Guastatori Squad
Guastatori Squad
Panzerjäger Squad
MG34 Team
2.5-tonne Medical Truck
Selects Registered Artillery
Construct Mechanized Kompanie
HerrMoreau
Ergraute Hauptmann
Lucifer
qZeto
Epicdeath
BIOHAZARD
0
0
Comments
sign in to comment!
No comments posted yet!